 Dungeon Crawl Stone Soup version 0.22-a0-305-gd21a89c538 (webtiles) character file.

144 Oravi the Cutter (level 5, -4/30 HPs)
             Began as a Kobold Hunter on Apr 1, 2018.
             Slain by Grinder (9 damage)
             ... while paralysed by Grinder
             ... on level 3 of the Dungeon.
             The game lasted 00:05:50 (2848 turns).

Oravi the Cutter (Kobold Hunter)                    Turns: 2848, Time: 00:05:51

Health: -4/30      AC:  3    Str: 11    XL:     5   Next: 52%
Magic:  5/5        EV:  3    Int: 12    God:
Gold:   159        SH:  0    Dex: 15    Spells: 4/4 levels left

rFire    . . .     SeeInvis .   b - +0 short sword
rCold    . . .     Gourm    .   (shield restricted)
rNeg     + . .     Faith    .   c - +0 leather armour
rPois    .         Spirit   .   (no helmet)
rElec    .         Reflect  .   (no cloak)
rCorr    .         Harm     .   (no gloves)
MR       .....                  (no boots)
Stlth    ++........             (no amulet)
HPRegen  0.10/turn              m - +6 ring of slaying
MPRegen  0.09/turn              n - ring of positive energy

@: paralysed
A: small, carnivore
a: no special abilities


You were on level 3 of the Dungeon.
You were completely stuffed.

You visited 1 branch of the dungeon, and saw 3 of its levels.

You collected 159 gold pieces.

Inventory:

Hand Weapons
 a - a +1 hand crossbow
 b - a +0 short sword (weapon)
Missiles
 d - 17 bolts
Armour
 c - a +0 leather armour (worn)
Jewellery
 m - a +6 ring of slaying (left hand)
 n - a ring of positive energy (right hand)
 o - an uncursed ring of wizardry
Scrolls
 g - a scroll of identify
 p - a scroll of blinking {unknown}
Potions
 e - 2 potions of flight
 h - 2 potions of heal wounds {unknown}
 i - a potion of ambrosia {unknown}
 j - 2 potions of curing {unknown}
 l - a potion of brilliance {unknown}
Comestibles
 f - a ration
 k - 3 chunks of flesh


   Skills:
 - Level 2.1 Fighting
 + Level 5.8 Short Blades
 - Level 5.0 Crossbows
 - Level 3.0 Dodging
 - Level 1.3 Stealth


You had 4 spell levels left.
You didn't know any spells.

Dungeon Overview and Level Annotations

Branches:
Dungeon (3/15)

Altars:

Annotations:
D:3 Grinder


Innate Abilities, Weirdness & Mutations

You are small and have problems with some larger weapons.
You are carnivorous and can eat meat at any time.


Message History

You hit Grinder.
Grinder is lightly wounded.
Grinder misses you.
You hit Grinder.
Grinder is moderately wounded.
Grinder closely misses you.
You completely miss Grinder.
Grinder is moderately wounded.
Grinder gestures at you.
You suddenly lose the ability to move!
Grinder hits you!
You writhe in agony.
Grinder hits you!
You writhe in agony.
Grinder hits you.
* * * LOW HITPOINT WARNING * * *
You writhe in agony.
* * * LOW HITPOINT WARNING * * *
Grinder says, "Don't move a muscle."
Grinder barely misses you. Grinder hits you!
You die...

....#............# #.
#####...##.... #. #...#
##.# #. #...# . #. #...#
#. ##.## .#####(
######...######
......5###.....###......
#@...##.## ##..#.#
#...[..## ##.#.#
##....).# #....
#.....#.## ##....
#........## ##..#..
#.....##..###......
#.....####)..####..
#.....#####.#####..
####..............#


You could see Grinder.

Vanquished Creatures
  2 orc priests (D:3)
  2 adders (D:2)
  3 oozes
  2 worms (D:2)
  2 dart slugs
  2 orcs (D:3)
  6 bats
  2 giant cockroaches
  5 goblins
  3 hobgoblins
  6 jackals (D:2)
  A ball python (D:3)
  4 frilled lizards
  5 kobolds
  4 rats
49 creatures vanquished.

Notes
Turn   | Place    | Note
-------+----------+-------------------------------------------
     0 | D:1      | Oravi the Kobold Hunter began the quest for the Orb.
     0 | D:1      | Reached XP level 1. HP: 12/12 MP: 1/1
   102 | D:1      | Reached skill level 5 in Crossbows
   389 | D:1      | Reached skill level 1 in Short Blades
   389 | D:1      | Reached XP level 2. HP: 15/17 MP: 2/2
   545 | D:1      | Reached XP level 3. HP: 17/21 MP: 3/3
  1178 | D:2      | Reached XP level 4. HP: 16/26 MP: 4/4
  2729 | D:3      | Reached skill level 5 in Short Blades
  2729 | D:3      | Reached XP level 5. HP: 27/30 MP: 5/5
  2837 | D:3      | Noticed Grinder
  2843 | D:3      | Paralysed by Grinder for 5 turns
  2848 | D:3      | Slain by Grinder

Vault maps used:
D:1:      eino_arrival_tree_alley
D:2:      hangedman_feature_mirror
D:3:      portal_sewer_entry_b, uniq_jessica, uniq_grinder

Skill      XL: |  1  2  3  4 |
---------------+-------------+-----
Crossbows      | 5 |  5.0
Short Blades   | 1 2 3 5 |  5.8
Dodging        | 3 |  3.0
Fighting       | |  2.1
Stealth        | |  1.3

Action                   |  1- 3 |  4- 6 || total
-------------------------+-------+-------++-------
Melee: Short sword       |   112 |   122 ||   234
 Fire: Hand crossbow     |     3 |     5 ||     8
  Use: Scroll            |       |     2 ||     2
 Stab: Sleeping          |     1 |     2 ||     3
  Eat: Chunk             |     4 |    11 ||    15
Armor: Leather armour    |    31 |    24 ||    55
Dodge: Dodged            |   143 |    67 ||   210

Table legend:
 A = Spawn XP
 B = Non-spawn XP
 C = Spawn XP percentage of total XP
 D = Spawn monster count
 E = Non-spawn monster count
 F = Spawn count percentage of total count
 G = Total turns spent on level
                    A         B        C        D         E        F      G
               +---------+---------+-------+---------+---------+-------+---------
         Total |       0 |     207 |   0.0 |       0 |      49 |   0.0 |  2848
               +---------+---------+-------+---------+---------+-------+---------
           D:1 |       0 |      39 |   0.0 |       0 |      18 |   0.0 |  1056
           D:2 |       0 |      77 |   0.0 |       0 |      25 |   0.0 |  1629
           D:3 |       0 |      91 |   0.0 |       0 |       6 |   0.0 |   163
               +---------+---------+-------+---------+---------+-------+---------
